 Dungeon Crawl Stone Soup version 0.32-a0-913-g739538afd8 (webtiles) character file.

Game seed: 10151482169646291873

4 Heh the Grasshopper (level 1, -2/16 HPs)
             Began as a Coglin Warper on Apr 7, 2024.
             Slain by a kobold
             ... wielding a +0 short sword
              (4 damage)
             ... on level 1 of the Dungeon.
             The game lasted 00:00:41 (76 turns).

Heh the Grasshopper (Coglin Warper)                   Turns: 76, Time: 00:00:42

Health: -2/16      AC:  3    Str: 11    XL:     1   Next: 60%
Magic:  3/3        EV: 10    Int: 12    God:
Gold:   0          SH:  0    Dex: 13    Spells: 3/3 levels left

rFire   . . .        a - +0 falchion {Birgit}
rCold   . . .        e - +0 dagger {Daeho}
rNeg    . . .        b - +0 leather armour
rPois   .            (no helmet)
rElec   .            (no cloak)
rCorr   .            (no gloves)
SInv    .            (no boots)
Will    .....        (amulet unavailable)
Stlth   +            (ring unavailable)
HPRegen 0.22/turn    (ring unavailable)
MPRegen 0.08/turn    (no gizmo)

%: no passive effects
@: revved
A: off-hand wielding, slow wielding, warmup strikes, no jewellery
a: Invent Gizmo


You were on level 1 of the Dungeon.
You visited 1 branch of the dungeon, and saw 1 of its levels.

Inventory:

Hand Weapons
 a - a +0 falchion (weapon) {Birgit}
 e - a +0 dagger (offhand) {Daeho}
Missiles
 d - 7 darts of dispersal (quivered)
Armour
 b - a +0 leather armour (worn)
 h - a +0 pair of gloves
Scrolls
 c - a scroll of blinking
 g - a scroll of identify {unknown}
Potions
 f - a potion of enlightenment {unknown}


   Skills:
 - Level 2.0 Fighting
 + Level 2.4 Long Blades
 - Level 0.8 Throwing
 - Level 0.8 Armour
 - Level 1.7 Dodging
 - Level 1.7 Spellcasting
 - Level 3.0 Translocations


You had 3 spell levels left.
You didn't know any spells.
Your spell library contained the following spells:

 Spells                   Type           Power      Damage    Failure   Level
 Blink                    Tloc           16%        N/A       16%         2
 Lesser Beckoning         Tloc           16%        N/A       16%         2
 Maxwell's Portable Pile  Tloc           8%         2d(6-16)  32%         3
 Teleport Other           Tloc           8%         N/A       32%         3
 Vhi's Electric Charge    Tloc/Air       8%         N/A       89%         4


Dungeon Overview and Level Annotations

Branches:
Dungeon (1/15)

Altars:


Innate Abilities, Weirdness & Mutations

You can wield a second weapon in your off-hand.
It takes a long time for you to wield or remove held weapons.
Your first few attacks do less damage.
You cannot equip rings or amulets.


Message History

You are too injured to fight recklessly!
You are too injured to fight recklessly!
You are too injured to fight recklessly!
You are too injured to fight recklessly!
You are too injured to fight recklessly!
You are too injured to fight recklessly!
You are too injured to fight recklessly!
You are too injured to fight recklessly!
You are too injured to fight recklessly!
You are too injured to fight recklessly!
Unknown command.
You hit the kobold but do no damage. You hit the kobold with your +0 dagger.
The giant cockroach completely misses you.
The kobold closely misses you.
You hit the kobold with your +0 dagger.
The kobold is severely wounded.
You closely miss the kobold with your +0 falchion.
The giant cockroach bites you. The kobold completely misses you.
The kobold hits you but does no damage.
You hit the kobold with your +0 dagger.
You kill the kobold!
The giant cockroach barely misses you.
The kobold hits you with a +0 short sword.
The giant cockroach closely misses you. The kobold barely misses you.
The giant cockroach misses you.
You see here a +0 dagger.
You hit the giant cockroach but do no damage.
The giant cockroach is heavily wounded.
You barely miss the giant cockroach with your +0 falchion.
The giant cockroach misses you.
The kobold hits you with a +0 short sword.
* * * LOW HITPOINT WARNING * * *
You hit the giant cockroach with your +0 falchion.
You kill the giant cockroach!
The kobold hits you with a +0 short sword.
* * * LOW HITPOINT WARNING * * *
You miss the kobold with your +0 falchion.
You closely miss the kobold with your +0 dagger.
The kobold hits you with a +0 short sword.
You die...

#.# # #.#.#
#.#.# #
#######.#.#.#
.............
.........
##.K†#######
#...@.......
#......##.##
#.........#
######...#.#####
#........#.#
#........#..
#......#####.
#......# ..
#......#


You could see a kobold.

Vanquished Creatures
  A bat (D:1)
  A giant cockroach (D:1)
  A kobold (D:1)
3 creatures vanquished.

Notes
Turn   | Place    | Note
-------+----------+-------------------------------------------
     0 | D:1      | Heh the Coglin Warper began the quest for the Orb.
     0 | D:1      | Reached XP level 1. HP: 16/16 MP: 3/3
    76 | D:1      | Slain by a kobold

Illustrated notes

Levels and vault maps discovered:
D:1:      grunt_arrival_crossed_arrows, layout_basic

Action                     || total
---------------------------++-------
  Melee: Dagger            ||    11
         Falchion          ||    11
 Armour: Leather armour    ||    17
  Dodge: Dodged            ||    13

Table legend: (Time is in decaauts)
 A = Elapsed time spent in this place.
 B = Non-inter-level travel time spent in this place.
 C = Inter-level travel time spent in this place.
 D = Time resting spent in this place.
 E = Time spent auto-exploring this place.
 F = Levels seen in this place.
 G = Mean time per level.
                   A        B        C        D        E       F      G
               +--------+--------+--------+--------+--------+-----+--------+
         Total |     76 |     76 |      0 |      0 |     52 |   1 |   76.0 |
       Dungeon |     76 |     76 |      0 |      0 |     52 |   1 |   76.0 |
               +--------+--------+--------+--------+--------+-----+--------+

Top non-repeatable levels by time:
     D:1: 76 daAuts
